 Dungeon Crawl Stone Soup version 0.23-a0-436-g57debff (webtiles) character file.

640 Azzok the Firebug (level 7, 46/46 HPs)
             Began as a Demonspawn Fire Elementalist on Nov 16, 2018.
             Quit the game on level 4 of the Dungeon.
             The game lasted 00:04:58 (3447 turns).

Azzok the Firebug (Demonspawn Fire Elementalist)    Turns: 3447, Time: 00:04:59

Health: 46/46      AC:  5    Str:  8    XL:     7   Next: 26%
Magic:  8/22       EV: 12    Int: 19    God:
Gold:   157        SH:  0    Dex: 13    Spells: 6/14 levels left

rFire    . . .     SeeInvis .   (no weapon)
rCold    . . .     Gourm    .   (no shield)
rNeg     . . .     Faith    .   a - +0 robe
rPois    .         Spirit   .   (helmet restricted)
rElec    .         Reflect  .   (no cloak)
rCorr    .         Harm     .   (no gloves)
MR       .....                  (no boots)
Stlth    ++........             (no amulet)
HPRegen  0.15/turn              i - ring of magical power
MPRegen  0.18/turn              (no ring)

@: no status effects
A: antennae 2, icy blue scales 2, rot immunity
a: no special abilities


You were on level 4 of the Dungeon.
You were not hungry.

You visited 1 branch of the dungeon, and saw 4 of its levels.

You collected 157 gold pieces.

Inventory:

Armour
 a - a +0 robe (worn)
Jewellery
 i - a ring of magical power (left hand)
Scrolls
 e - 11 scrolls of identify {unknown}
 f - 2 scrolls of remove curse {unknown}
 h - a scroll of enchant weapon {unknown}
 j - a scroll of teleportation {unknown}
 m - a scroll of amnesia {unknown}
Potions
 b - 5 potions of agility {unknown}
 d - 2 potions of brilliance {unknown}
 g - 2 potions of magic {unknown}
 l - a potion of curing {unknown}
 n - a potion of flight {unknown}
Comestibles
 c - 9 rations
 k - 3 chunks of flesh


   Skills:
 - Level 1.7 Dodging
 - Level 1.7 Stealth
 + Level 4.4 Spellcasting
 + Level 4.5 Conjurations
 + Level 5.0 Fire Magic


You had 6 spell levels left.
You knew the following spells:

 Your Spells              Type           Power        Failure   Level  Hunger
a - Flame Tongue          Conj/Fire      ###..        1%          1    None
b - Conjure Flame         Conj/Fire      ###.....     5%          3    ###....
c - Sticky Flame          Conj/Fire      ###.....     19%         4    ####...

Your spell library contained the following spells:

 Spells                   Type           Power        Failure   Level  Hunger
 Magic Dart               Conj           ###.         1%          1    None
 Throw Flame              Conj/Fire      ###...       2%          2    #......
 Animate Skeleton         Necr           N/A          13%         1    None
 Apportation              Tloc           #.....       13%         1    None
 Confusing Touch          Hex            #.....       13%         1    None
 Summon Small Mammal      Summ           #...         13%         1    None
 Inner Flame              Hex/Fire       ##......     14%         3    ###....
 Blink                    Tloc           N/A          21%         2    #......
 Call Imp                 Summ           #.......     21%         2    #......
 Slow                     Hex            #.......     21%         2    #......
 Mephitic Cloud           Conj/Pois/Air  ##......     22%         3    ###....
 Fireball                 Conj/Fire      ###.......   45%         5    ######.


Dungeon Overview and Level Annotations

Branches:
Dungeon (4/15)
 Temple: D:4-7

Altars:
Fedhas


Innate Abilities, Weirdness & Mutations

You have a pair of antennae on your head.
You are mostly covered in icy blue scales. (AC +3)
You are immune to rotting.


Message History

The flame tongue hits Pikel.
Pikel is almost dead.
Casting: Flame Tongue (safe; 3% risk of failure)
Confirm with . or Enter, or press ? or * to list all spells.
Aiming: Flame Tongue (safe; 3% risk of failure)
Press: ? - help, Shift-Dir - straight line, f/p - Pikel
Aim: Pikel, wielding a +1 whip of electrocution and wearing a +0 robe (almost The flame tongue hits Pikel.
You kill Pikel!
Your Spellcasting skill increases to level 4!
Your Conjurations skill increases to level 4!
Your Fire Magic skill increases to level 5!
You have reached level 6!
Your experience leads to an increase in your attributes!
Increase (S)trength, (I)ntelligence, or (D)exterity?
You feel clever.
Your demonic ancestry asserts itself...
You feel immune to rotting.
You have reached level 7!
With Pikel's spell broken, the former slaves thank you for their freedom.
Are you sure you want to abandon this character and quit the game? (Confirm

·· ▒▒······▒▒·····▒▒▒······
·· ·····▒▒····▒▒··▒······▒▒
··▒▒·▒▒·········▒·········▒
·········▒······▒▒·······▒▒
····▒▒··▒▒▒·····▒▒▒·······▒
·······▒▒····▒···▒·······▒▒
··· ······▒·▒▒▒··········▒
·▒▒ ▒·······▒▒▒·····▒▒▒▒ ▒▒
▒·······p§@p·▒····▒
▒▒··<·▒▒·▒▒p·▒··▒···
▒·········{▒······▒▒··
▒·········p···········
······················
·················[·▒▒·
··?···············▒▒
······h··▒·▒··▒····▒
·········▒▒▒▒▒▒▒····▒


You could see 3 neutral freed slaves.

Vanquished Creatures
  Pikel (D:4)
  A hound (D:4)
  An orc priest (D:3)
  A centaur skeleton (D:4)
  5 adders
  4 worms
  5 leopard geckos
  6 orcs (D:3)
  2 giant cockroaches
  10 goblins
  4 hobgoblins
  A quokka (D:4)
  4 ball pythons
  6 bats
  3 frilled lizards (D:2)
  7 kobolds
  A quokka skeleton (D:3)
  A quokka zombie (D:4)
  6 rats
69 creatures vanquished.

Notes
Turn   | Place    | Note
-------+----------+-------------------------------------------
     0 | D:1      | Azzok the Demonspawn Fire Elementalist began the quest for
                  | the Orb.
     0 | D:1      | Reached XP level 1. HP: 13/13 MP: 3/3
   515 | D:1      | Gained mutation: You have a pair of small antennae on your
                  | head. [demonic ancestry]
   515 | D:1      | Reached XP level 2. HP: 19/19 MP: 0/5
  1044 | D:2      | Reached skill level 3 in Fire Magic
  1178 | D:2      | Gained mutation: You have a pair of antennae on your head.
                  | [demonic ancestry]
  1178 | D:2      | Reached XP level 3. HP: 24/24 MP: 6/6
  1347 | D:2      | Learned a level 3 spell: Conjure Flame
  1801 | D:2      | Found a blossoming altar of Fedhas.
  2197 | D:3      | Gained mutation: You are partially covered in icy blue
                  | scales. (AC +2) [demonic ancestry]
  2197 | D:3      | Reached XP level 4. HP: 30/30 MP: 8/8
  2850 | D:3      | Found a faded altar of an unknown god.
  3074 | D:4      | Gained mutation: You are mostly covered in icy blue scales.
                  | (AC +3) [demonic ancestry]
  3074 | D:4      | Reached XP level 5. HP: 34/35 MP: 9/9
  3214 | D:4      | Reached skill level 4 in Fire Magic
  3220 | D:4      | Learned a level 4 spell: Sticky Flame
  3271 | D:4      | Noticed a slave
  3272 | D:4      | Noticed a slave
  3272 | D:4      | Noticed a slave
  3273 | D:4      | Noticed Pikel
  3273 | D:4      | Noticed a slave
  3446 | D:4      | Killed Pikel
  3446 | D:4      | Reached skill level 5 in Fire Magic
  3446 | D:4      | Gained mutation: You are immune to rotting. [demonic
                  | ancestry]
  3446 | D:4      | Reached XP level 6. HP: 41/41 MP: 8/12
  3446 | D:4      | Reached XP level 7. HP: 46/46 MP: 8/13
  3447 | D:4      | Quit the game

Vault maps used:
D:1:      ebering_trefoil_3fold
D:2:      fedhas_altar_1, first_ration, minmay_pentomino_u2
D:3:      chequers_ecumenical_altar_lobes
D:4:      uniq_pikel

Skill      XL: |  1  2  3  4  5 |
---------------+----------------+-----
Fire Magic     | 3 5 |  5.0
Conjurations   | 2 4 |  4.5
Spellcasting   | 3 4 |  4.4
Dodging        | |  1.7
Stealth        | |  1.7

Action                   |  1- 3 |  4- 6 |  7- 9 || total
-------------------------+-------+-------+-------++-------
Melee: Unarmed           |     6 |       |       ||     6
 Cast: Flame Tongue      |    69 |    66 |     1 ||   136
       Conjure Flame     |       |     1 |       ||     1
  Eat: Chunk             |     4 |     4 |       ||     8
Armor: Robe              |     7 |     7 |       ||    14
Dodge: Dodged            |    28 |    26 |       ||    54

Table legend:
 A = Non-vault XP
 B = Vault XP
 C = Vault XP percentage of total XP
 D = Non-vault monster count
 E = Vault monster count
 F = Vault count percentage of total count
                 A         B        C        D         E       F
            +---------+---------+-------+---------+---------+-------
      Total |     292 |     623 |  68.1 |      66 |       3 |   4.3
            +---------+---------+-------+---------+---------+-------
        D:1 |      19 |       0 |   0.0 |      12 |       0 |   0.0
        D:2 |      53 |      16 |  23.2 |      23 |       2 |   8.0
        D:3 |     101 |       0 |   0.0 |      22 |       0 |   0.0
        D:4 |     119 |     607 |  83.6 |       9 |       1 |  10.0
            +---------+---------+-------+---------+---------+-------
